 Dungeon Crawl Stone Soup version 0.30.1-9-gdf580d7c3d (webtiles) character file.

Game seed: 7872299863106753376

82 Zalbag the Magician (level 4, -3/32 HPs)
             Began as a Djinni Fire Elementalist on Oct 25, 2023.
             Slain by an orc
             ... wielding a +0 mace
              (5 damage)
             ... on level 2 of the Dungeon.
             The game lasted 00:03:41 (2086 turns).

Zalbag the Magician (Djinni Fire Elementalist)      Turns: 2086, Time: 00:03:42

Health: -3/32      AC:  3    Str:  7    XL:     4   Next: 70%
Gold:   125        EV: 12    Int: 18    God:
                   SH:  0    Dex: 14

rFire   + + .        c - +0 dagger
rCold   x . .        (no shield)
rNeg    . . .        a - +0 robe
rPois   ∞            (no helmet)
rElec   .            m - +0 cloak
rCorr   .            (no gloves)
SInv    .            (boots unavailable)
Will    .....        (no amulet)
Stlth   ++           (no ring)
HPRegen 0.25/turn    (no ring)
MPRegen 0.00/turn

%: infuse magic (-4 HP)
@: attractive, flying
A: sickness immunity, fire resistance 2, cold vulnerability 1, float, innate
caster, HP casting, extra vitality 1
a: no special abilities


You were on level 2 of the Dungeon.
You visited 1 branch of the dungeon, and saw 3 of its levels.

You collected 125 gold pieces.

Inventory:

Hand Weapons
 c - a +0 dagger (weapon)
Armour
 a - a +0 robe (worn)
 m - a +0 cloak (worn)
Scrolls
 g - a scroll of torment {unknown}
 h - a scroll of brand weapon {unknown}
 i - a scroll of identify {unknown}
 j - 2 scrolls of immolation {unknown}
 k - a scroll of noise {unknown}
Potions
 b - 2 potions of lignification {unknown}
 d - 2 potions of attraction
 e - 2 potions of degeneration {unknown}
 f - 2 potions of magic {unknown}
 l - 2 potions of cancellation {unknown}


   Skills:
 + Level 1.2 Fighting
 - Level 2.1 Dodging
 - Level 1.5 Stealth
 * Level 3.8 Spellcasting


You knew the following spells:

 Your Spells              Type           Power      Damage    Failure   Level
a - Foxfire               Conj/Fire      68%        2x1d7     3%          1
b - Scorch                Fire           34%        2d6       4%          2
c - Volatile Blastmotes   Fire/Tloc      34%        2d12      10%         3
d - Inner Flame           Hex/Fire       17%        N/A       10%         3
e - Flame Wave            Conj/Fire      17%        2d7       30%         4
f - Summon Small Mammal   Summ           68%        N/A       3%          1
Your spell library was empty.

Dungeon Overview and Level Annotations

Branches:
Dungeon (3/15)

Altars:


Innate Abilities, Weirdness & Mutations

You are immune to sickness and miasma.
You are immune to poison.
Your flesh is very heat resistant. (rF++)
You are vulnerable to cold. (rC-)
You float through the air rather than walking.
You learn spells naturally, not from books.
Your magical power is your life essence.
You have superior vitality. (+4 MHP)


Message History

Nothing appears to happen.
The orc hits you with a +0 mace. The orc misses you.
Casting: Scorch (safe; 4% risk of failure)
Confirm with . or Enter, or press ? or * to list all spells.
Flames lash the orc.
The orc is heavily wounded.
The orc's fire resistance burns away.
The orc closely misses you. The orc hits you with a +0 hand axe.
* * * LOW HITPOINT WARNING * * *
Casting: Scorch (safe; 4% risk of failure)
Confirm with . or Enter, or press ? or * to list all spells.
Flames lash the orc.
The orc is almost dead.
The orc's fire resistance burns away.
* * * LOW HITPOINT WARNING * * *
The orc barely misses you. The orc hits you with a +0 hand axe.
* * * LOW HITPOINT WARNING * * *
The orc attacks as you move away! The orc barely misses you. x2
The orc attacks as you move away! The orc closely misses you.
The orc attacks as you move away! The orc hits you with a +0 hand axe.
* * * LOW HITPOINT WARNING * * *
The orc is no longer more vulnerable to fire.
You aren't carrying any items that you can evoke.
Unknown command.
Okay, then.
It was a potion of attraction.
You feel attractive to monsters.
The orc is no longer more vulnerable to fire.
The orc closely misses you.
Your magical contamination has completely faded away.
Casting: Scorch (safe; 4% risk of failure)
Confirm with . or Enter, or press ? or * to list all spells.
Okay, then.
The orc attacks as you move away! The orc barely misses you.
Casting: Scorch (safe; 4% risk of failure)
Confirm with . or Enter, or press ? or * to list all spells.
Flames lash the orc.
You kill the orc!
* * * LOW HITPOINT WARNING * * *
The orc hits you with a +0 mace.
You die...

#.# #..[.###.#.###.#
#.#####....###.#.# #.#
#..#..)......#.#.# #.#
##.#.........#.#.###.#
#.#....)....#.#.#.#.#
#.##.#...##.........#
#.##.#............#.#
#.##.#...#.###.#..#.#
#.##.##..#.# #@#..#.#
#.##.##....# #o#....#
#.##...#.#.# #)#..###
#.####.#.#.###.#..#
#....<......>.....#
######.####.......#
#.# #.####.## #.# #.#
#.# #####.####.# #.#


You could see an orc.

Vanquished Creatures
  Crazy Yiuf (D:2)
  An adder (D:2)
  A worm (D:2)
  2 dart slugs
  2 orcs
  4 endoplasms
  2 hobgoblins (D:2)
  3 quokkas
  2 ball pythons (D:2)
  4 bats
  3 frilled lizards
  A goblin (D:2)
  10 kobolds
  4 rats
40 creatures vanquished.

Vanquished Creatures (others)
  41 foxfires
41 creatures vanquished.

Grand Total: 81 creatures vanquished

Notes
Turn   | Place    | Note
-------+----------+-------------------------------------------
     0 | D:1      | Zalbag the Djinni Fire Elementalist began the quest for the
                  | Orb.
     0 | D:1      | Zalbag set off with the following spells memorised:
                  | Foxfire, Scorch, Volatile Blastmotes, Inner Flame, Flame
                  | Wave.
     0 | D:1      | Reached XP level 1. HP: 15/15 MP: 0/0
   136 | D:1      | Reached XP level 2. HP: 15/21 MP: 0/0
   154 | D:1      | Reached skill level 3 in Spellcasting
   574 | D:1      | Reached XP level 3. HP: 25/25 MP: 0/0
   574 | D:1      | Learned a level 1 spell: Summon Small Mammal
  1174 | D:2      | Found a runed translucent door.
  1175 | D:2      | Noticed Crazy Yiuf
  1568 | D:2      | Reached XP level 4. HP: 28/31 MP: 0/0
  1850 | D:2      | Killed Crazy Yiuf
  1851 | D:2      | Reached skill level 1 in Fighting
  2086 | D:2      | Slain by an orc

Illustrated notes

Levels and vault maps discovered:
D:1:      ldierk_walled_garden, layout_basic
D:2:      layout_loops_ring, uniq_crazy_yiuf_cottage
D:3:      layout_basic, hellmonk_ecumenical_altar_inner_sanctum,
          grunt_ministairs_6, uniq_jessica, uniq_robin

Skill      XL: |  1  2  3  4 |
---------------+-------------+-----
Spellcasting   | 3 |  3.8
Fighting       | 1 |  1.2
Dodging        | |  2.1
Stealth        | |  1.5

Action                     |  1- 3 |  4- 6 || total
---------------------------+-------+-------++-------
  Melee: Dagger            |    97 |    14 ||   111
         Punch             |     2 |       ||     2
   Cast: Foxfire           |    25 |       ||    25
         Scorch            |     4 |     9 ||    13
    Use: Potion            |       |     1 ||     1
   Stab: Sleeping          |       |     1 ||     1
 Armour: Robe              |    29 |     1 ||    30
  Dodge: Dodged            |    78 |    23 ||   101
